Influenza vs Diablos (R3)

Created - March 15, 2021 at 19:17

Goals
1 2 3 T
Influenza 1 3 0 4
Diablos 0 2 1 3
Shots
1 2 3 T
Influenza 12 16 11 39
Diablos 12 13 15 40

1st period

1. Influenza , Tom Kuhnhackl 9 (Haydn Fleury 11) at 11:57

Penalties :
Bo Horvat (VJB) for Boarding (Minor) at 3:23, Tim Schaller (VJB) for Holding (Minor) at 3:31, Linden Vey (VJB) for Tripping (Minor) at 13:14

2nd period

2. Diablos , Alex Petrovic 8 (Mattias Tedenby 32, Brian Dumoulin 41) at 7:30
3. Influenza , Linden Vey 15 (Bo Horvat 45, Neal Pionk 30) at 8:22
4. Influenza , JT Compher 26 (Tim Schaller 29) at 11:14
5. Influenza , Justin Bailey 6 (JT Compher 25, Neal Pionk 31) at 15:15
6. Diablos , Tyler Pitlick 26 (Corey Trivino 24, Andrei Mironov 12) at 19:58

Penalties :
Danton Heinen (Don) for Hooking (Minor) at 2:32, Neal Pionk (VJB) for Interference (Minor) at 11:24, Tim Erixon (VJB) for Hooking (Minor) at 15:43

3rd period

7. Diablos , Jonathan Matsumoto 1 (Sam Reinhart 18) at 11:54 (PP)

Penalties :
Brian Dumoulin (Don) for Hooking (Minor) at 0:21, Brett Pesce (VJB) for High sticking (Double Minor) at 11:17, Tim Schaller (VJB) for Hooking (Minor) at 12:16, Tim Schaller (VJB) for Interference (Minor) at 19:26

Goalie Stats

Al Montoya (VJB), 37 saves from 40 shots - (0.925), W, 15-6-1, 60:00 minutes
Jean-Francois Berube (Don), 35 saves from 39 shots - (0.897), L, 14-10-2, 59:05 minutes

Players Stats for Influenza

Player Name              G  A  P  +/- PIM S  H  SB GA TA FO     MP     PP MP  PK MP  
------------------------------------------------------------------------------------
Aleksi Saarela           0  0  0   0  0   1  0  0  0  0  0/2     6:31   0:00   0:00 
Bo Horvat                0  1  1   0  2   3  0  2  0  0  25/37  24:19   2:08   5:20 
Brett Pesce              0  0  0   1  4   5  2  1  0  0  0/0    20:37   1:55   1:25 
Christian Fischer        0  0  0   0  0   0  0  0  0  0  0/0     7:20   0:00   0:00 
Colton Sissons           0  0  0   0  0   4  2  0  0  0  2/6    12:42   1:50   1:59 
Dmitry Sinitsyn          0  0  0   0  0   0  0  1  0  0  0/0     3:21   0:00   0:59 
Haydn Fleury             0  1  1   2  0   0  1  1  0  0  0/0    21:21   1:55   5:38 
Jeff Corbett             0  0  0   1  0   1  1  0  0  1  0/0    18:36   0:00   4:29 
JT Compher               1  1  2   1  0   3  0  0  0  1  0/0    12:45   1:50   1:45 
Justin Bailey            1  0  1   1  0   2  0  0  1  0  1/1    14:41   1:50   0:00 
Linden Vey               1  0  1   0  2   4  4  0  1  0  1/2    19:38   2:08   1:05 
Lucas Lessio             0  0  0   0  0   3  1  1  0  0  1/1     7:49   0:00   0:00 
Neal Pionk               0  2  2   1  2   2  0  3  0  1  0/0    25:47   2:03   5:03 
Pavel Zacha              0  0  0   1  0   3  1  0  0  0  6/13   12:51   0:00   0:00 
Ryan Dzingel             0  0  0   1  0   2  1  2  0  0  0/1    12:00   0:00   1:44 
Tim Erixon               0  0  0   0  2   2  4  2  0  0  0/0    29:36   2:03   5:41 
Tim Schaller             0  1  1   0  6   3  4  0  0  2  2/4    23:21   2:08   4:01 
Tom Kuhnhackl            1  0  1   1  0   1  3  0  0  1  3/4    11:34   0:00   3:41 

Players Stats for Diablos

Player Name              G  A  P  +/- PIM S  H  SB GA TA FO     MP     PP MP  PK MP  
------------------------------------------------------------------------------------
Adrian Kempe             0  0  0   0  0   3  1  0  0  0  0/0    19:36   6:04   0:00 
Alex Petrovic            1  0  1  -2  0   5  3  2  0  0  0/0    28:43   7:12   1:45 
Andrei Mironov           0  1  1   0  0   0  1  2  0  0  0/0    18:52   4:23   0:00 
Andrey Pedan             0  0  0   0  0   0  1  0  0  0  0/0    12:25   0:00   2:13 
Anthony Nigro            0  0  0  -2  0   0  2  0  1  0  3/15   12:11   0:10   2:21 
Brian Dumoulin           0  1  1  -2  2   6  3  1  1  0  0/0    28:40   7:12   0:50 
Corey Trivino            0  1  1   0  0   3  2  2  0  0  14/28  20:10   6:04   0:00 
Danton Heinen            0  0  0  -1  2   4  2  0  1  0  1/2    18:52   5:56   0:00 
Dean Kukan               0  0  0   0  0   1  1  0  0  0  0/0    12:31   0:00   2:19 
Dominic Turgeon          0  0  0   1  0   2  0  1  0  0  1/6     8:25   0:00   0:58 
Jakub Vrana              0  0  0   1  0   0  3  0  0  0  0/0     8:25   0:00   0:58 
Jiri Sekac               0  0  0  -2  0   1  0  2  0  0  1/1    11:08   0:10   0:32 
Jonathan Matsumoto       1  0  1  -1  0   3  1  2  0  0  10/18  18:09   5:21   0:00 
Mattias Tedenby          0  1  1   1  0   3  0  0  1  0  0/0     8:21   0:00   0:49 
Sam Reinhart             0  1  1  -2  0   2  0  1  0  0  0/1    13:57   5:21   0:00 
Tom Wilson               0  0  0  -1  0   3  1  1  0  1  0/0    15:27   0:18   0:00 
Tyler Pitlick            1  0  1   0  0   3  0  1  1  1  0/0    21:20   5:21   2:18 
Viktor Loov              0  0  0   0  0   1  1  0  1  0  0/0    18:48   4:23   0:49 

3 Stars

1 - JT Compher (VJB)
2 - Tom Kuhnhackl (VJB)
3 - Justin Bailey (VJB)

Power Play

Influenza - 0 on 2 Attempt(s) - 0.00%
Diablos - 1 on 9 Attempt(s) - 11.11%

Penalty Kill

Influenza - 8 on 9 Attempt(s) - 88.89% - Score 0 goal in Penalty Kill
Diablos - 2 on 2 Attempt(s) - 100.00% - Score 0 goal in Penalty Kill

Team Stat

Influenza - Hits : 24 - Faceoff Wins : 41 - Blocked Shots : 13 - Penalty Minutes : 18
Diablos - Hits : 22 - Faceoff Wins : 30 - Blocked Shots : 15 - Penalty Minutes : 4

Official

Referees : Unknown
Linesman : Unknown

Game Notes

Dmitry Sinitsyn is injured at 8:37 of 1st period (Sprained Left Knee)
JT Compher is injured at 3:56 of 3rd period (Sprained Right Ankle)

Finance

Level 1 -- Attendance: 2000 (100.00%) -- Ticket Income $40,000
Level 2 -- Attendance: 1000 (100.00%) -- Ticket Income $13,000
Total Attendance: 3000 (100.00%)
Total Ticket Income: $53,000
Other Income: $2,650
Total Income: $55,650

Influenza

5 vs 5 Forward 
   Center                   Left Wing                Right Wing               Time % Phy DF OF 
 1 Bo Horvat                Tim Schaller             Linden Vey               40     1   2  2  
 2 Pavel Zacha              JT Compher               Justin Bailey            30     1   2  2  
 3 Colton Sissons           Ryan Dzingel             Tom Kuhnhackl            20     1   2  2  
 4 Aleksi Saarela           Lucas Lessio             Christian Fischer        10     1   2  2  

5 vs 5 Defense 
   Defense                  Defense                                           Time % Phy DF OF 
 1 Tim Erixon               Neal Pionk                                        40     1   2  2  
 2 Haydn Fleury             Dmitry Sinitsyn                                   30     1   2  2  
 3 Brett Pesce              Jeff Corbett                                      20     1   2  2  
 4 Tim Erixon               Dmitry Sinitsyn                                   10     1   2  2  

PowerPlay Forward 
   Center                   Left Wing                Right Wing               Time % Phy DF OF 
 1 Bo Horvat                Tim Schaller             Linden Vey               60     1   2  2  
 2 Colton Sissons           JT Compher               Justin Bailey            40     1   2  2  

PowerPlay Defense
   Defense                  Defense                                           Time % Phy DF OF 
 1 Tim Erixon               Neal Pionk                                        60     1   2  2  
 2 Haydn Fleury             Dmitry Sinitsyn                                   40     1   2  2  

Penalty Kill 4 Players Forward 
   Center                   Wing                     Time % Phy DF OF 
 1 Bo Horvat                Tim Schaller             60     1   2  2  
 2 Linden Vey               JT Compher               40     1   2  2  

Penalty Kill 4 Players Defense
   Defense                  Defense                  Time % Phy DF OF 
 1 Tim Erixon               Dmitry Sinitsyn          60     1   2  2  
 2 Haydn Fleury             Neal Pionk               40     1   2  2  

Penalty Kill - 3 Players Forward 
   Forward                                           Time % Phy DF OF 
 1 Bo Horvat                                         60     1   2  2  
 2 Tim Schaller                                      40     1   2  2  

Penalty Kill - 3 Players Defense
   Defense                  Defense                  Time % Phy DF OF 
 1 Tim Erixon               Dmitry Sinitsyn          60     1   2  2  
 2 Haydn Fleury             Neal Pionk               40     1   2  2  

4 vs 4 Forward 
   Center                   Wing                     Time % Phy DF OF 
 1 Bo Horvat                Tim Schaller             60     1   2  2  
 2 Linden Vey               JT Compher               40     1   2  2  

4 vs 4 Defense
   Defense                  Defense                  Time % Phy DF OF 
 1 Tim Erixon               Dmitry Sinitsyn          60     1   2  2  
 2 Haydn Fleury             Neal Pionk               40     1   2  2  

Last Minutes Offensive
   Center                   Left Wing                Right Wing               Defense                  Defense                  
   Bo Horvat                Tim Schaller             Linden Vey               Tim Erixon               Neal Pionk               

Last Minutes Defensive
   Center                   Left Wing                Right Wing               Defense                  Defense                  
   Bo Horvat                Tim Schaller             Linden Vey               Tim Erixon               Haydn Fleury             

Goaltenders
Starting : Al Montoya               
Backup : Malcolm Subban           

Extra Forwards
Normal : Ryan Dzingel, Lucas Lessio, Tom Kuhnhackl - PP : Ryan Dzingel, Lucas Lessio - PK : Tom Kuhnhackl
Extra Defensemen
Normal : Brett Pesce, Jeff Corbett, Haydn Fleury - PP : Brett Pesce - PK : Jeff Corbett, Haydn Fleury
Penalty Shots
Bo Horvat, Tim Schaller, Linden Vey, JT Compher, Ryan Dzingel

Scratches
Shane Prince (Healthy), Dennis Gilbert (Healthy), Henri Ikonen (Healthy), Johan Larsson (Healthy), Jakob Forsbacka-Karlsson (Healthy)
Zack MacEwen (Healthy), Radovan Bondra (Healthy), Simon Bourque (Healthy), Mitchell Moroz (Healthy), Shane Sims (Healthy)
Conner Bleackley (Healthy), Brycen Martin (Healthy), Jaden Lindo (Healthy), Charlie Lindgren (Healthy), Jamie Phillips (Healthy)

Diablos

5 vs 5 Forward 
   Center                   Left Wing                Right Wing               Time % Phy DF OF 
 1 Jonathan Matsumoto       Adrian Kempe             Danton Heinen            35     0   0  5  
 2 Corey Trivino            Tyler Pitlick            Tom Wilson               35     0   0  5  
 3 Anthony Nigro            Jiri Sekac               Sam Reinhart             25     0   1  4  
 4 Dominic Turgeon          Jakub Vrana              Mattias Tedenby          5      0   3  2  

5 vs 5 Defense 
   Defense                  Defense                                           Time % Phy DF OF 
 1 Alex Petrovic            Brian Dumoulin                                    40     1   2  2  
 2 Andrei Mironov           Viktor Loov                                       30     1   2  2  
 3 Dean Kukan               Andrey Pedan                                      20     1   2  2  
 4 Alex Petrovic            Brian Dumoulin                                    10     1   2  2  

PowerPlay Forward 
   Center                   Left Wing                Right Wing               Time % Phy DF OF 
 1 Corey Trivino            Adrian Kempe             Danton Heinen            60     0   0  5  
 2 Jonathan Matsumoto       Tyler Pitlick            Sam Reinhart             40     0   0  5  

PowerPlay Defense
   Defense                  Defense                                           Time % Phy DF OF 
 1 Brian Dumoulin           Alex Petrovic                                     60     0   1  4  
 2 Andrei Mironov           Viktor Loov                                       40     0   1  4  

Penalty Kill 4 Players Forward 
   Center                   Wing                     Time % Phy DF OF 
 1 Anthony Nigro            Tyler Pitlick            60     1   4  0  
 2 Dominic Turgeon          Jakub Vrana              40     1   4  0  

Penalty Kill 4 Players Defense
   Defense                  Defense                  Time % Phy DF OF 
 1 Dean Kukan               Andrey Pedan             60     1   4  0  
 2 Brian Dumoulin           Alex Petrovic            40     1   4  0  

Penalty Kill - 3 Players Forward 
   Forward                                           Time % Phy DF OF 
 1 Corey Trivino                                     60     0   5  0  
 2 Dominic Turgeon                                   40     0   5  0  

Penalty Kill - 3 Players Defense
   Defense                  Defense                  Time % Phy DF OF 
 1 Dean Kukan               Alex Petrovic            60     0   5  0  
 2 Andrei Mironov           Andrey Pedan             40     0   5  0  

4 vs 4 Forward 
   Center                   Wing                     Time % Phy DF OF 
 1 Anthony Nigro            Adrian Kempe             60     0   2  3  
 2 Dominic Turgeon          Tom Wilson               40     0   2  3  

4 vs 4 Defense
   Defense                  Defense                  Time % Phy DF OF 
 1 Viktor Loov              Brian Dumoulin           60     0   2  3  
 2 Andrey Pedan             Dean Kukan               40     0   2  3  

Last Minutes Offensive
   Center                   Left Wing                Right Wing               Defense                  Defense                  
   Corey Trivino            Adrian Kempe             Danton Heinen            Brian Dumoulin           Alex Petrovic            

Last Minutes Defensive
   Center                   Left Wing                Right Wing               Defense                  Defense                  
   Dominic Turgeon          Tyler Pitlick            Tom Wilson               Alex Petrovic            Dean Kukan               

Goaltenders
Starting : Jean-Francois Berube     
Backup : Joni Ortio               

Extra Forwards
Normal : Adrian Kempe, Danton Heinen, Tom Wilson - PP : Danton Heinen, Adrian Kempe - PK : Mattias Tedenby
Extra Defensemen
Normal : Brian Dumoulin, Alex Petrovic, Andrei Mironov - PP : Brian Dumoulin - PK : Dean Kukan, Alex Petrovic
Penalty Shots
Tom Wilson, Adrian Kempe, Danton Heinen, Corey Trivino, Mattias Tedenby

Scratches
Peter Holland (Bruised Left Arm Injury), Mason Appleton (Healthy), Guillaume Brisebois (Healthy), Tyler Lewington (Healthy), Daniel Sprong (Healthy)
Tobias Lindberg (Healthy), Scott Glennie (Healthy), Ty Rattie (Healthy), Charles Hudon (Healthy), Sergey Tolchinsky (Healthy)
Jack Glover (Healthy), Ryan MacInnis (Healthy)

% Time on Ice - Influenza

Lines # - Real PCT - Wanted PCT - Time Play
Normal Forward
1 - 38% - 40% - 16:42
2 - 33% - 30% - 14:37
3 - 14% - 20% - 6:22
4 - 14% - 10% - 6:15
Normal Defense
1 - 31% - 40% - 13:50
2 - 35% - 30% - 15:23
3 - 17% - 20% - 7:17
4 - 17% - 10% - 7:26
PP Forward
1 - 54% - 60% - 2:08
2 - 46% - 40% - 1:50
PP Defense
1 - 52% - 60% - 2:03
2 - 48% - 40% - 1:55
PK Forward
1 - 77% - 60% - 6:17
2 - 23% - 40% - 1:50
PK Defense
1 - 74% - 60% - 5:58
2 - 26% - 40% - 2:09
PK3 Forward
1 - 68% - 60% - 2:22
2 - 32% - 40% - 1:06
PK3 Defense
1 - 50% - 60% - 1:44
2 - 50% - 40% - 1:44
44 Forward
1 - 0% - 60%
2 - 0% - 40%
44 Defense
1 - 0% - 60%
2 - 0% - 40%
Last Minute Offensive  - 0:00
Last Minute Defensive  - 0:31
Total
Forward - 60:00
Defense - 60:00

% Time on Ice - Diablos

Lines # - Real PCT - Wanted PCT - Time Play
Normal Forward
1 - 31% - 35% - 13:46
2 - 33% - 35% - 14:44
3 - 18% - 25% - 8:02
4 - 17% - 5% - 7:27
Normal Defense
1 - 41% - 40% - 18:12
2 - 33% - 30% - 14:29
3 - 23% - 20% - 10:07
4 - 3% - 10% - 1:11
PP Forward
1 - 54% - 60% - 6:14
2 - 46% - 40% - 5:21
PP Defense
1 - 62% - 60% - 7:12
2 - 38% - 40% - 4:23
PK Forward
1 - 76% - 60% - 3:00
2 - 24% - 40% - 0:58
PK Defense
1 - 56% - 60% - 2:13
2 - 44% - 40% - 1:45
PK3 Forward
1 - 0% - 60%
2 - 0% - 40%
PK3 Defense
1 - 0% - 60%
2 - 0% - 40%
44 Forward
1 - 0% - 60%
2 - 0% - 40%
44 Defense
1 - 0% - 60%
2 - 0% - 40%
Last Minute Offensive  - 0:28
Last Minute Defensive  - 0:00
Total
Forward - 60:00
Defense - 60:00

Play-by-Play

1st period


0:01 of 1st period - Jonathan Matsumoto wins face-off versus Tim Schaller in neutral zone.
0:01 of 1st period - Danton Heinen is hit by Tim Schaller and loses puck.
0:06 of 1st period - Jonathan Matsumoto is hit by Tim Erixon and loses puck.
0:25 of 1st period - Justin Bailey is hit by Tom Wilson and loses puck.
0:34 of 1st period - Snap shot by Justin Bailey.
0:34 of 1st period - Shot Blocked by Alex Petrovic.
0:48 of 1st period - Snap shot by Colton Sissons.
0:48 of 1st period - Shot Misses the Net.
0:52 of 1st period - Wrist shot by Ryan Dzingel.
0:52 of 1st period - Shot Misses the Net.
1:37 of 1st period - Jeff Corbett is hit by Jonathan Matsumoto and loses puck.
1:59 of 1st period - Icing by Pavel Zacha.
2:00 of 1st period - Corey Trivino wins face-off versus Pavel Zacha in Influenza zone.
2:33 of 1st period - Snap shot by Jiri Sekac.
2:33 of 1st period - Stopped by Al Montoya with a rebound.
2:48 of 1st period - Jonathan Matsumoto is hit by Ryan Dzingel and loses puck.
2:59 of 1st period - Wrist shot by Colton Sissons.
2:59 of 1st period - Shot Misses the Net.
3:09 of 1st period - Wrist shot by Danton Heinen.
3:09 of 1st period - Shot Blocked by Dmitry Sinitsyn.
3:16 of 1st period - Off-side.
3:17 of 1st period - Corey Trivino wins face-off versus Bo Horvat in neutral zone.
3:23 of 1st period - Minor Penalty to Bo Horvat for Boarding.
3:24 of 1st period - Corey Trivino wins face-off versus Tom Kuhnhackl in Influenza zone.
3:26 of 1st period - Wrist shot by Adrian Kempe.
3:26 of 1st period - Shot Blocked by Tim Erixon.
3:28 of 1st period - Wrist shot by Brian Dumoulin.
3:28 of 1st period - Deflect By Tim Erixon.
3:28 of 1st period - Stopped by Al Montoya without a rebound.
3:29 of 1st period - Tom Kuhnhackl wins face-off versus Corey Trivino in Influenza zone.
3:31 of 1st period - Minor Penalty to Tim Schaller for Holding.
3:32 of 1st period - Tom Kuhnhackl wins face-off versus Corey Trivino in Influenza zone.
3:32 of 1st period - Tom Kuhnhackl is hit by Danton Heinen.
3:45 of 1st period - Wrist shot by Danton Heinen.
3:45 of 1st period - Shot Misses the Net.
4:26 of 1st period - Icing by Corey Trivino.
4:27 of 1st period - Colton Sissons wins face-off versus Jonathan Matsumoto in Diablos zone.
4:28 of 1st period - Slapshot by Neal Pionk.
4:28 of 1st period - Shot Blocked by Andrei Mironov.
4:40 of 1st period - Snap shot by Jonathan Matsumoto.
4:40 of 1st period - Stopped by Al Montoya without a rebound.
4:41 of 1st period - Tom Kuhnhackl wins face-off versus Corey Trivino in Influenza zone.
5:23 of 1st period - Penalty to Bo Horvat is over, Bo Horvat is back on ice.
5:31 of 1st period - Penalty to Tim Schaller is over, Tim Schaller is back on ice.
5:50 of 1st period - Wrist shot by Tim Schaller.
5:50 of 1st period - Deflect By Bo Horvat.
5:50 of 1st period - Stopped by Jean-Francois Berube with a rebound.
5:52 of 1st period - Slapshot by Bo Horvat.
5:52 of 1st period - Deflect By Ryan Dzingel.
5:52 of 1st period - Shot Misses the Net.
5:52 of 1st period - Puck is out of play.
5:53 of 1st period - Pavel Zacha wins face-off versus Danton Heinen in Diablos zone.
5:54 of 1st period - Backhand shot by Justin Bailey.
5:54 of 1st period - Shot Misses the Net.
7:22 of 1st period - Snap shot by Dominic Turgeon.
7:22 of 1st period - Stopped by Al Montoya without a rebound.
7:23 of 1st period - Pavel Zacha wins face-off versus Dominic Turgeon in Influenza zone.
7:55 of 1st period - Wrist shot by JT Compher.
7:55 of 1st period - Deflect By Pavel Zacha.
7:55 of 1st period - Shot Hit the Post.
7:55 of 1st period - Puck is out of play.
7:56 of 1st period - Bo Horvat wins face-off versus Corey Trivino in Diablos zone.
8:01 of 1st period - Wrist shot by Tim Schaller.
8:01 of 1st period - Shot Blocked by Tyler Pitlick.
8:03 of 1st period - Slapshot by Tim Erixon.
8:03 of 1st period - Deflect By Bo Horvat.
8:03 of 1st period - Shot Blocked by Corey Trivino.
8:03 of 1st period - Puck is out of play.
8:04 of 1st period - Corey Trivino wins face-off versus Bo Horvat in Diablos zone.
8:04 of 1st period - Corey Trivino is hit by Linden Vey.
8:10 of 1st period - Snap shot by Corey Trivino.
8:10 of 1st period - Stopped by Al Montoya without a rebound.
8:11 of 1st period - Jonathan Matsumoto wins face-off versus Bo Horvat in Influenza zone.
8:36 of 1st period - Dmitry Sinitsyn is hit by Alex Petrovic and loses puck.
8:37 of 1st period - Dmitry Sinitsyn from Influenza is injured at 8:37 of 1st period (Sprained Left Knee).
8:38 of 1st period - Bo Horvat wins face-off versus Anthony Nigro in Influenza zone.
8:38 of 1st period - Bo Horvat is hit by Anthony Nigro.
9:44 of 1st period - Snap shot by Lucas Lessio.
9:44 of 1st period - Stopped by Jean-Francois Berube with a rebound.
9:46 of 1st period - Snap shot by Tim Erixon.
9:46 of 1st period - Shot Blocked by Andrei Mironov.
9:48 of 1st period - Slapshot by Neal Pionk.
9:48 of 1st period - Stopped by Jean-Francois Berube without a rebound.
9:49 of 1st period - Lucas Lessio wins face-off versus Corey Trivino in Diablos zone.
10:14 of 1st period - Tim Schaller is hit by Danton Heinen and loses puck.
10:38 of 1st period - Icing by Sam Reinhart.
10:39 of 1st period - Jiri Sekac wins face-off versus Pavel Zacha in Diablos zone.
10:54 of 1st period - Slapshot by Sam Reinhart.
10:54 of 1st period - Shot Misses the Net.
11:10 of 1st period - Wrist shot by JT Compher.
11:10 of 1st period - Stopped by Jean-Francois Berube with a rebound.
11:26 of 1st period - Slapshot by Linden Vey.
11:26 of 1st period - Stopped by Jean-Francois Berube without a rebound.
11:27 of 1st period - Corey Trivino wins face-off versus Bo Horvat in Diablos zone.
11:42 of 1st period - Wrist shot by Tyler Pitlick.
11:42 of 1st period - Stopped by Al Montoya with a rebound.
11:57 of 1st period - Snap shot by Tom Kuhnhackl.
11:57 of 1st period - Goal by Tom Kuhnhackl - Influenza : 1 - Diablos : 0.
11:58 of 1st period - Corey Trivino wins face-off versus Bo Horvat in neutral zone.
12:12 of 1st period - Snap shot by Tom Wilson.
12:12 of 1st period - Stopped by Al Montoya with a rebound.
12:14 of 1st period - Wrist shot by Tyler Pitlick.
12:14 of 1st period - Shot Misses the Net.
13:09 of 1st period - Snap shot by Jakub Vrana.
13:09 of 1st period - Shot Misses the Net.
13:11 of 1st period - Wrist shot by Dominic Turgeon.
13:11 of 1st period - Stopped by Al Montoya without a rebound.
13:12 of 1st period - Bo Horvat wins face-off versus Corey Trivino in Influenza zone.
13:14 of 1st period - Minor Penalty to Linden Vey for Tripping.
13:15 of 1st period - Bo Horvat wins face-off versus Corey Trivino in Influenza zone.
13:15 of 1st period - Bo Horvat is hit by Corey Trivino.
13:30 of 1st period - Wrist shot by Corey Trivino.
13:30 of 1st period - Stopped by Al Montoya with a rebound.
13:46 of 1st period - Slapshot by Alex Petrovic.
13:46 of 1st period - Deflect By Tim Erixon.
13:46 of 1st period - Stopped by Al Montoya with a rebound.
15:14 of 1st period - Penalty to Linden Vey is over, Linden Vey is back on ice.
15:49 of 1st period - Snap shot by Anthony Nigro.
15:49 of 1st period - Shot Blocked by Lucas Lessio.
15:51 of 1st period - Slapshot by Tom Wilson.
15:51 of 1st period - Shot Blocked by Haydn Fleury.
16:07 of 1st period - Wrist shot by Ryan Dzingel.
16:07 of 1st period - Shot Misses the Net.
16:37 of 1st period - Brian Dumoulin is hit by Linden Vey and loses puck.
17:19 of 1st period - Snap shot by Danton Heinen.
17:19 of 1st period - Stopped by Al Montoya without a rebound.
17:20 of 1st period - Bo Horvat wins face-off versus Jonathan Matsumoto in Influenza zone.
17:49 of 1st period - Wrist shot by Colton Sissons.
17:49 of 1st period - Stopped by Jean-Francois Berube without a rebound.
17:50 of 1st period - Pavel Zacha wins face-off versus Corey Trivino in Diablos zone.
17:55 of 1st period - Snap shot by JT Compher.
17:55 of 1st period - Shot Blocked by Tom Wilson.
17:57 of 1st period - Slapshot by Tim Erixon.
17:57 of 1st period - Stopped by Jean-Francois Berube with a rebound.
17:59 of 1st period - Slapshot by Tim Erixon.
17:59 of 1st period - Deflect By Justin Bailey.
17:59 of 1st period - Shot Misses the Net.
17:59 of 1st period - Puck is out of play.
18:00 of 1st period - Corey Trivino wins face-off versus Pavel Zacha in Diablos zone.
18:35 of 1st period - Snap shot by JT Compher.
18:35 of 1st period - Shot Blocked by Alex Petrovic.
18:39 of 1st period - Wrist shot by JT Compher.
18:39 of 1st period - Shot Blocked by Brian Dumoulin.
18:51 of 1st period - Snap shot by Tyler Pitlick.
18:51 of 1st period - Stopped by Al Montoya without a rebound.
18:52 of 1st period - Bo Horvat wins face-off versus Jonathan Matsumoto in Influenza zone.
19:17 of 1st period - Anthony Nigro is hit by Tom Kuhnhackl and loses puck.
19:36 of 1st period - Slapshot by Brett Pesce.
19:36 of 1st period - Stopped by Jean-Francois Berube with a rebound.
19:38 of 1st period - Snap shot by Brett Pesce.
19:38 of 1st period - Stopped by Jean-Francois Berube with a rebound.
19:40 of 1st period - Slapshot by Jeff Corbett.
19:40 of 1st period - Shot Misses the Net.
19:42 of 1st period - Wrist shot by Lucas Lessio.
19:42 of 1st period - Stopped by Jean-Francois Berube with a rebound.
19:44 of 1st period - Slapshot by Brett Pesce.
19:44 of 1st period - Stopped by Jean-Francois Berube without a rebound.
19:45 of 1st period - Bo Horvat wins face-off versus Jonathan Matsumoto in Diablos zone.
19:48 of 1st period - Snap shot by Tim Schaller.
19:48 of 1st period - Shot Misses the Net.
Goals for this period are 1 for Influenza vs 0 for Diablos .
Shots for this period are 12 for Influenza vs 12 for Diablos .

2nd period


0:01 of 2nd period - Jonathan Matsumoto wins face-off versus Bo Horvat in neutral zone.
0:10 of 2nd period - Wrist shot by Jonathan Matsumoto.
0:10 of 2nd period - Shot Blocked by Neal Pionk.
0:26 of 2nd period - Tim Erixon is hit by Brian Dumoulin and loses puck.
1:29 of 2nd period - Off-side.
1:30 of 2nd period - Jonathan Matsumoto wins face-off versus Tim Schaller in neutral zone.
1:36 of 2nd period - Brian Dumoulin is hit by Linden Vey and loses puck.
1:45 of 2nd period - Backhand shot by Linden Vey.
1:45 of 2nd period - Stopped by Jean-Francois Berube without a rebound.
1:46 of 2nd period - Colton Sissons wins face-off versus Corey Trivino in Diablos zone.
2:01 of 2nd period - Slapshot by Tom Wilson.
2:01 of 2nd period - Shot Misses the Net.
2:27 of 2nd period - Snap shot by Adrian Kempe.
2:27 of 2nd period - Stopped by Al Montoya with a rebound.
2:32 of 2nd period - Minor Penalty to Danton Heinen for Hooking.
2:33 of 2nd period - Linden Vey wins face-off versus Anthony Nigro in Diablos zone.
2:59 of 2nd period - Anthony Nigro is hit by Colton Sissons and loses puck.
3:06 of 2nd period - Snap shot by Neal Pionk.
3:06 of 2nd period - Stopped by Jean-Francois Berube with a rebound.
3:08 of 2nd period - Snap shot by Colton Sissons.
3:08 of 2nd period - Stopped by Jean-Francois Berube without a rebound.
3:09 of 2nd period - Bo Horvat wins face-off versus Anthony Nigro in Diablos zone.
3:42 of 2nd period - Jiri Sekac is hit by Tim Erixon and loses puck.
4:32 of 2nd period - Penalty to Danton Heinen is over, Danton Heinen is back on ice.
4:42 of 2nd period - Andrei Mironov is hit by Lucas Lessio and loses puck.
4:46 of 2nd period - Icing by Jonathan Matsumoto.
4:47 of 2nd period - Jonathan Matsumoto wins face-off versus Aleksi Saarela in Diablos zone.
5:02 of 2nd period - Snap shot by Danton Heinen.
5:02 of 2nd period - Stopped by Al Montoya with a rebound.
5:18 of 2nd period - Snap shot by Colton Sissons.
5:18 of 2nd period - Stopped by Jean-Francois Berube without a rebound.
5:19 of 2nd period - Corey Trivino wins face-off versus Colton Sissons in Diablos zone.
5:43 of 2nd period - Off-side.
5:44 of 2nd period - Bo Horvat wins face-off versus Anthony Nigro in neutral zone.
5:47 of 2nd period - Wrist shot by Linden Vey.
5:47 of 2nd period - Shot Blocked by Jiri Sekac.
5:49 of 2nd period - Backhand shot by Tim Schaller.
5:49 of 2nd period - Stopped by Jean-Francois Berube without a rebound.
5:50 of 2nd period - Bo Horvat wins face-off versus Corey Trivino in Diablos zone.
6:36 of 2nd period - Icing by Bo Horvat.
6:37 of 2nd period - Bo Horvat wins face-off versus Dominic Turgeon in Influenza zone.
6:39 of 2nd period - Icing by Linden Vey.
6:40 of 2nd period - Bo Horvat wins face-off versus Dominic Turgeon in Influenza zone.
6:56 of 2nd period - Snap shot by Bo Horvat.
6:56 of 2nd period - Stopped by Jean-Francois Berube with a rebound.
6:58 of 2nd period - Wrist shot by Linden Vey.
6:58 of 2nd period - Shot Blocked by Dominic Turgeon.
7:28 of 2nd period - Wrist shot by Mattias Tedenby.
7:28 of 2nd period - Stopped by Al Montoya with a rebound.
7:30 of 2nd period - Slapshot by Alex Petrovic.
7:30 of 2nd period - Goal by Alex Petrovic - Influenza : 1 - Diablos : 1.
7:31 of 2nd period - Corey Trivino wins face-off versus Pavel Zacha in neutral zone.
7:40 of 2nd period - Snap shot by Corey Trivino.
7:40 of 2nd period - Stopped by Al Montoya without a rebound.
7:41 of 2nd period - Corey Trivino wins face-off versus Pavel Zacha in Influenza zone.
7:52 of 2nd period - Corey Trivino is hit by Tim Erixon and loses puck.
7:57 of 2nd period - Wrist shot by Pavel Zacha.
7:57 of 2nd period - Stopped by Jean-Francois Berube with a rebound.
7:59 of 2nd period - Snap shot by JT Compher.
7:59 of 2nd period - Shot Misses the Net.
8:01 of 2nd period - Slapshot by Pavel Zacha.
8:01 of 2nd period - Stopped by Jean-Francois Berube without a rebound.
8:02 of 2nd period - Jonathan Matsumoto wins face-off versus Colton Sissons in Diablos zone.
8:02 of 2nd period - Jonathan Matsumoto is hit by Colton Sissons.
8:10 of 2nd period - Wrist shot by Jonathan Matsumoto.
8:10 of 2nd period - Shot Misses the Net.
8:12 of 2nd period - Wrist shot by Adrian Kempe.
8:12 of 2nd period - Stopped by Al Montoya without a rebound.
8:13 of 2nd period - Tim Schaller wins face-off versus Jonathan Matsumoto in Influenza zone.
8:18 of 2nd period - Slapshot by Neal Pionk.
8:18 of 2nd period - Shot Blocked by Jonathan Matsumoto.
8:20 of 2nd period - Wrist shot by Bo Horvat.
8:20 of 2nd period - Shot Misses the Net.
8:22 of 2nd period - Snap shot by Linden Vey.
8:22 of 2nd period - Goal by Linden Vey - Influenza : 2 - Diablos : 1.
8:23 of 2nd period - Jonathan Matsumoto wins face-off versus Bo Horvat in neutral zone.
8:38 of 2nd period - Snap shot by Tim Schaller.
8:38 of 2nd period - Stopped by Jean-Francois Berube with a rebound.
8:50 of 2nd period - Justin Bailey is hit by Alex Petrovic and loses puck.
8:59 of 2nd period - Slapshot by Jiri Sekac.
8:59 of 2nd period - Shot Blocked by Tim Erixon.
9:01 of 2nd period - Slapshot by Viktor Loov.
9:01 of 2nd period - Stopped by Al Montoya without a rebound.
9:02 of 2nd period - Tim Schaller wins face-off versus Corey Trivino in Influenza zone.
9:27 of 2nd period - Adrian Kempe is hit by Haydn Fleury and loses puck.
9:36 of 2nd period - Wrist shot by Adrian Kempe.
9:36 of 2nd period - Shot Blocked by Brett Pesce.
9:51 of 2nd period - Snap shot by Adrian Kempe.
9:51 of 2nd period - Stopped by Al Montoya with a rebound.
10:36 of 2nd period - Tom Wilson is hit by Tim Erixon and loses puck.
10:42 of 2nd period - Off-side.
10:43 of 2nd period - Anthony Nigro wins face-off versus Aleksi Saarela in neutral zone.
10:46 of 2nd period - Slapshot by Alex Petrovic.
10:46 of 2nd period - Stopped by Al Montoya without a rebound.
10:47 of 2nd period - Anthony Nigro wins face-off versus Linden Vey in Influenza zone.
11:14 of 2nd period - Slapshot by JT Compher.
11:14 of 2nd period - Goal by JT Compher - Influenza : 3 - Diablos : 1.
11:15 of 2nd period - Bo Horvat wins face-off versus Anthony Nigro in neutral zone.
11:24 of 2nd period - Minor Penalty to Neal Pionk for Interference.
11:25 of 2nd period - Bo Horvat wins face-off versus Corey Trivino in Influenza zone.
12:39 of 2nd period - Alex Petrovic is hit by Tom Kuhnhackl.
12:58 of 2nd period - Brian Dumoulin is hit by Tom Kuhnhackl and loses puck.
13:24 of 2nd period - Penalty to Neal Pionk is over, Neal Pionk is back on ice.
14:04 of 2nd period - Off-side.
14:05 of 2nd period - Dominic Turgeon wins face-off versus Colton Sissons in neutral zone.
14:32 of 2nd period - Lucas Lessio is hit by Adrian Kempe and loses puck.
14:51 of 2nd period - Wrist shot by Lucas Lessio.
14:51 of 2nd period - Shot Blocked by Corey Trivino.
14:53 of 2nd period - Slapshot by Tim Schaller.
14:53 of 2nd period - Shot Misses the Net.
14:55 of 2nd period - Slapshot by Brett Pesce.
14:55 of 2nd period - Stopped by Jean-Francois Berube without a rebound.
14:56 of 2nd period - Bo Horvat wins face-off versus Anthony Nigro in Diablos zone.
15:01 of 2nd period - Snap shot by Linden Vey.
15:01 of 2nd period - Deflect By Bo Horvat.
15:01 of 2nd period - Shot Blocked by Jiri Sekac.
15:01 of 2nd period - Puck is out of play.
15:02 of 2nd period - Pavel Zacha wins face-off versus Anthony Nigro in Diablos zone.
15:03 of 2nd period - Slapshot by Neal Pionk.
15:03 of 2nd period - Deflect By JT Compher.
15:03 of 2nd period - Shot Blocked by Sam Reinhart.
15:03 of 2nd period - Puck is out of play.
15:04 of 2nd period - Pavel Zacha wins face-off versus Anthony Nigro in Diablos zone.
15:05 of 2nd period - Snap shot by JT Compher.
15:05 of 2nd period - Stopped by Jean-Francois Berube without a rebound.
15:06 of 2nd period - Pavel Zacha wins face-off versus Anthony Nigro in Diablos zone.
15:15 of 2nd period - Slapshot by Justin Bailey.
15:15 of 2nd period - Goal by Justin Bailey - Influenza : 4 - Diablos : 1.
15:16 of 2nd period - Corey Trivino wins face-off versus Bo Horvat in neutral zone.
15:16 of 2nd period - Corey Trivino is hit by Tim Schaller.
15:20 of 2nd period - Bo Horvat is hit by Brian Dumoulin and loses puck.
15:31 of 2nd period - Brian Dumoulin is hit by Tim Schaller and loses puck.
15:43 of 2nd period - Minor Penalty to Tim Erixon for Hooking.
15:44 of 2nd period - Bo Horvat wins face-off versus Corey Trivino in Influenza zone.
15:59 of 2nd period - Wrist shot by Bo Horvat.
15:59 of 2nd period - Stopped by Jean-Francois Berube with a rebound.
17:43 of 2nd period - Penalty to Tim Erixon is over, Tim Erixon is back on ice.
18:04 of 2nd period - Slapshot by Alex Petrovic.
18:04 of 2nd period - Shot Misses the Net.
18:06 of 2nd period - Wrist shot by Anthony Nigro.
18:06 of 2nd period - Shot Blocked by Neal Pionk.
18:08 of 2nd period - Snap shot by Brian Dumoulin.
18:08 of 2nd period - Deflect By Tom Wilson.
18:08 of 2nd period - Stopped by Al Montoya with a rebound.
18:10 of 2nd period - Snap shot by Brian Dumoulin.
18:10 of 2nd period - Stopped by Al Montoya with a rebound.
18:12 of 2nd period - Slapshot by Alex Petrovic.
18:12 of 2nd period - Stopped by Al Montoya with a rebound.
18:14 of 2nd period - Wrist shot by Anthony Nigro.
18:14 of 2nd period - Shot Blocked by Bo Horvat.
18:39 of 2nd period - Off-side.
18:40 of 2nd period - Jonathan Matsumoto wins face-off versus Pavel Zacha in neutral zone.
18:49 of 2nd period - Wrist shot by JT Compher.
18:49 of 2nd period - Shot Blocked by Jonathan Matsumoto.
18:51 of 2nd period - Slapshot by Jeff Corbett.
18:51 of 2nd period - Stopped by Jean-Francois Berube with a rebound.
19:51 of 2nd period - JT Compher is hit by Andrei Mironov and loses puck.
19:56 of 2nd period - Wrist shot by Corey Trivino.
19:56 of 2nd period - Shot Misses the Net.
19:58 of 2nd period - Slapshot by Tyler Pitlick.
19:58 of 2nd period - Goal by Tyler Pitlick - Influenza : 4 - Diablos : 2.
19:59 of 2nd period - Anthony Nigro wins face-off versus Pavel Zacha in neutral zone.
Goals for this period are 3 for Influenza vs 2 for Diablos .
Shots for this period are 16 for Influenza vs 13 for Diablos .

3rd period


0:01 of 3rd period - Corey Trivino wins face-off versus Bo Horvat in neutral zone.
0:08 of 3rd period - Wrist shot by Alex Petrovic.
0:08 of 3rd period - Shot Misses the Net.
0:21 of 3rd period - Minor Penalty to Brian Dumoulin for Hooking.
0:22 of 3rd period - Bo Horvat wins face-off versus Anthony Nigro in Diablos zone.
0:55 of 3rd period - Off-side.
0:56 of 3rd period - Bo Horvat wins face-off versus Dominic Turgeon in neutral zone.
1:21 of 3rd period - Justin Bailey is hit by Dean Kukan and loses puck.
2:21 of 3rd period - Penalty to Brian Dumoulin is over, Brian Dumoulin is back on ice.
2:39 of 3rd period - Snap shot by Aleksi Saarela.
2:39 of 3rd period - Stopped by Jean-Francois Berube with a rebound.
2:41 of 3rd period - Snap shot by Tim Erixon.
2:41 of 3rd period - Deflect By Tyler Pitlick.
2:41 of 3rd period - Stopped by Jean-Francois Berube with a rebound.
2:43 of 3rd period - Backhand shot by Lucas Lessio.
2:43 of 3rd period - Stopped by Jean-Francois Berube with a rebound.
2:59 of 3rd period - Wrist shot by Ryan Dzingel.
2:59 of 3rd period - Stopped by Jean-Francois Berube with a rebound.
3:55 of 3rd period - JT Compher is hit by Jakub Vrana and loses puck.
3:56 of 3rd period - JT Compher from Influenza is injured at 3:56 of 3rd period (Sprained Right Ankle).
3:57 of 3rd period - Bo Horvat wins face-off versus Anthony Nigro in Influenza zone.
4:24 of 3rd period - Alex Petrovic is hit by Pavel Zacha.
4:46 of 3rd period - Wrist shot by Adrian Kempe.
4:46 of 3rd period - Shot Misses the Net.
4:52 of 3rd period - Snap shot by Jonathan Matsumoto.
4:52 of 3rd period - Stopped by Al Montoya without a rebound.
4:53 of 3rd period - Bo Horvat wins face-off versus Anthony Nigro in Influenza zone.
4:57 of 3rd period - Tim Schaller is hit by Viktor Loov and loses puck.
5:08 of 3rd period - Jiri Sekac is hit by Jeff Corbett and loses puck.
5:27 of 3rd period - Snap shot by Ryan Dzingel.
5:27 of 3rd period - Stopped by Jean-Francois Berube with a rebound.
5:29 of 3rd period - Wrist shot by Pavel Zacha.
5:29 of 3rd period - Deflect By Justin Bailey.
5:29 of 3rd period - Stopped by Jean-Francois Berube with a rebound.
5:31 of 3rd period - Snap shot by Pavel Zacha.
5:31 of 3rd period - Stopped by Jean-Francois Berube without a rebound.
5:32 of 3rd period - Jonathan Matsumoto wins face-off versus Colton Sissons in Diablos zone.
5:59 of 3rd period - Alex Petrovic is hit by Linden Vey and loses puck.
7:54 of 3rd period - Snap shot by Mattias Tedenby.
7:54 of 3rd period - Shot Misses the Net.
8:44 of 3rd period - Snap shot by Sam Reinhart.
8:44 of 3rd period - Stopped by Al Montoya without a rebound.
8:45 of 3rd period - Bo Horvat wins face-off versus Sam Reinhart in Influenza zone.
8:50 of 3rd period - Slapshot by Brett Pesce.
8:50 of 3rd period - Stopped by Jean-Francois Berube with a rebound.
8:56 of 3rd period - Wrist shot by Tim Schaller.
8:56 of 3rd period - Deflect By Linden Vey.
8:56 of 3rd period - Stopped by Jean-Francois Berube with a rebound.
9:47 of 3rd period - Wrist shot by Jakub Vrana.
9:47 of 3rd period - Deflect By Bo Horvat.
9:47 of 3rd period - Shot Misses the Net.
9:47 of 3rd period - Puck is out of play.
9:48 of 3rd period - Bo Horvat wins face-off versus Dominic Turgeon in Influenza zone.
9:53 of 3rd period - Mattias Tedenby is hit by Tim Schaller and loses puck.
10:04 of 3rd period - Wrist shot by Mattias Tedenby.
10:04 of 3rd period - Stopped by Al Montoya with a rebound.
10:18 of 3rd period - Slapshot by Brian Dumoulin.
10:18 of 3rd period - Stopped by Al Montoya with a rebound.
10:20 of 3rd period - Wrist shot by Brian Dumoulin.
10:20 of 3rd period - Stopped by Al Montoya with a rebound.
10:22 of 3rd period - Slapshot by Brian Dumoulin.
10:22 of 3rd period - Stopped by Al Montoya without a rebound.
10:23 of 3rd period - Justin Bailey wins face-off versus Jonathan Matsumoto in Influenza zone.
10:33 of 3rd period - Slapshot by Andrei Mironov.
10:33 of 3rd period - Shot Misses the Net.
10:35 of 3rd period - Wrist shot by Danton Heinen.
10:35 of 3rd period - Stopped by Al Montoya with a rebound.
10:37 of 3rd period - Wrist shot by Danton Heinen.
10:37 of 3rd period - Shot Misses the Net.
10:39 of 3rd period - Snap shot by Danton Heinen.
10:39 of 3rd period - Stopped by Al Montoya with a rebound.
10:49 of 3rd period - Jeff Corbett is hit by Anthony Nigro and loses puck.
11:17 of 3rd period - Double Minor Penalty to Brett Pesce for High sticking.
11:18 of 3rd period - Corey Trivino wins face-off versus Bo Horvat in Influenza zone.
11:21 of 3rd period - Slapshot by Brian Dumoulin.
11:21 of 3rd period - Deflect By Tim Erixon.
11:21 of 3rd period - Stopped by Al Montoya without a rebound.
11:22 of 3rd period - Corey Trivino wins face-off versus Bo Horvat in Influenza zone.
11:35 of 3rd period - Slapshot by Alex Petrovic.
11:35 of 3rd period - Stopped by Al Montoya with a rebound.
11:37 of 3rd period - Wrist shot by Corey Trivino.
11:37 of 3rd period - Shot Blocked by Bo Horvat.
11:47 of 3rd period - Bo Horvat is hit by Alex Petrovic and loses puck.
11:52 of 3rd period - Snap shot by Sam Reinhart.
11:52 of 3rd period - Stopped by Al Montoya with a rebound.
11:54 of 3rd period - Snap shot by Jonathan Matsumoto.
11:54 of 3rd period - Goal by Jonathan Matsumoto - Influenza : 4 - Diablos : 3.
11:55 of 3rd period - Bo Horvat wins face-off versus Corey Trivino in neutral zone.
12:16 of 3rd period - Minor Penalty to Tim Schaller for Hooking.
12:17 of 3rd period - Danton Heinen wins face-off versus Bo Horvat in Influenza zone.
13:54 of 3rd period - Penalty to Brett Pesce is over, Brett Pesce is back on ice.
14:10 of 3rd period - Snap shot by Colton Sissons.
14:10 of 3rd period - Stopped by Jean-Francois Berube with a rebound.
14:16 of 3rd period - Penalty to Tim Schaller is over, Tim Schaller is back on ice.
14:22 of 3rd period - Snap shot by Mattias Tedenby.
14:22 of 3rd period - Shot Blocked by Ryan Dzingel.
14:24 of 3rd period - Slapshot by Dean Kukan.
14:24 of 3rd period - Deflect By Tim Erixon.
14:24 of 3rd period - Stopped by Al Montoya with a rebound.
14:26 of 3rd period - Slapshot by Dominic Turgeon.
14:26 of 3rd period - Shot Blocked by Ryan Dzingel.
14:28 of 3rd period - Snap shot by Jakub Vrana.
14:28 of 3rd period - Shot Misses the Net.
14:30 of 3rd period - Snap shot by Mattias Tedenby.
14:30 of 3rd period - Shot Blocked by Neal Pionk.
14:32 of 3rd period - Wrist shot by Jakub Vrana.
14:32 of 3rd period - Shot Misses the Net.
14:50 of 3rd period - Snap shot by Tom Wilson.
14:50 of 3rd period - Shot Misses the Net.
14:52 of 3rd period - Slapshot by Andrey Pedan.
14:52 of 3rd period - Deflect By Tom Wilson.
14:52 of 3rd period - Stopped by Al Montoya with a rebound.
15:58 of 3rd period - Alex Petrovic is hit by Brett Pesce and loses puck.
16:09 of 3rd period - Jeff Corbett is hit by Brian Dumoulin and loses puck.
16:16 of 3rd period - Snap shot by Mattias Tedenby.
16:16 of 3rd period - Stopped by Al Montoya with a rebound.
16:22 of 3rd period - Snap shot by Mattias Tedenby.
16:22 of 3rd period - Shot Misses the Net.
17:09 of 3rd period - Linden Vey is hit by Andrey Pedan.
17:25 of 3rd period - Colton Sissons is hit by Jakub Vrana and loses puck.
17:34 of 3rd period - Linden Vey is hit by Jakub Vrana and loses puck.
18:24 of 3rd period - Icing by Andrei Mironov.
18:25 of 3rd period - Jonathan Matsumoto wins face-off versus Ryan Dzingel in Diablos zone.
18:25 of 3rd period - Jonathan Matsumoto is hit by Brett Pesce.
18:36 of 3rd period - Icing by Tim Schaller.
18:37 of 3rd period - Bo Horvat wins face-off versus Jonathan Matsumoto in Influenza zone.
18:48 of 3rd period - Snap shot by Tim Schaller.
18:48 of 3rd period - Stopped by Jean-Francois Berube with a rebound.
19:02 of 3rd period - Tim Erixon is hit by Corey Trivino and loses puck.
19:05 of 3rd period - Diablos , Jean-Francois Berube is pulled from the net.
19:26 of 3rd period - Minor Penalty to Tim Schaller for Interference.
19:27 of 3rd period - Bo Horvat wins face-off versus Jonathan Matsumoto in Influenza zone.
Goals for this period are 0 for Influenza vs 1 for Diablos .
Shots for this period are 11 for Influenza vs 15 for Diablos . Output by the SimonT Hockey Simulator (STHS) for Francois Prevost - Original Page W3C HTML5 Valid
Hockey Simulator - Hockey Simulation - Hockey Manager